Map: Orbital Shipyard

Players

State - Winner!

  • Race: Protoss Protoss
  • League: Grandmaster

BIGBOY

  • Race: Terran Terran
  • League: Grandmaster

VOD

Have the link to the VOD?

Description

Time

  • Played on: Dec. 28, 2015, 12:29 a.m.
  • Length: 5:10
Show
View Real Time Build Order
Export as new Build Order

State Protoss - Winner!

Build Orders: 1 Gate Expand 

Get SALT Encoding   

  12  0:01  Probe (Chrono Boost)  
  13  0:12  Probe (Chrono Boost)  
  14  0:17  Pylon  
  14  0:22  Probe (Chrono Boost)  
  16  0:35  Probe (Chrono Boost)  
  16  0:38  Gateway  
  16  0:42  Assimilator  
  16  0:46  Probe (Chrono Boost)  
  17  0:57  Probe (Chrono Boost)  
  18  1:07  Probe (Chrono Boost)  
  19  1:17  Nexus  
  19  1:20  Probe (Chrono Boost)  
  20  1:30  Cybernetics Core  
  20  1:33  Probe (Chrono Boost)  
  21  1:40  Assimilator  
  21  1:43  Probe (Chrono Boost)  
  22  1:48  Pylon  
  23  1:54  Probe (Chrono Boost)  
  24  2:08  Mothership Core (Chrono Boost), Adept  
  24  2:15  Warp Gate  
  26  2:27  Probe (Chrono Boost)  
  27  2:31  Probe (Chrono Boost)  
  27  2:35  Adept  
  30  2:37  Probe (Chrono Boost)  
  30  2:41  Probe (Chrono Boost)  
  30  2:42  Robotics Facility  
  32  2:48  Probe (Chrono Boost)  
  33  2:52  Probe (Chrono Boost)  
  33  2:58  Twilight Council, Probe (Chrono Boost)  
  35  3:02  Probe (Chrono Boost)  
  36  3:09  Probe (Chrono Boost), Adept  
  39  3:13  Probe (Chrono Boost)  
  39  3:19  Probe (Chrono Boost)  
  41  3:21  Pylon  
  41  3:22  Pylon  
  41  3:27  Pylon  
  40  3:35  Immortal (Chrono Boost)  
  46  3:44  Probe x2 (Chrono Boost)  
  42  3:54  Gateway  
  42  3:55  Probe, Pylon  
  42  3:56  Probe  
  42  3:58  Gateway  
  42  4:05  Probe  
  42  4:08  Probe  
  40  4:16  Probe  
  38  4:20  Probe  
  38  4:23  Adept  
  41  4:26  Probe  
  42  4:32  Probe  
  42  4:37  Probe  
  43  4:44  Probe  
  32  4:50  Probe (Chrono Boost), Adept x2  
  36  4:56  Probe (Chrono Boost)  
Show
View Real Time Build Order
Export as new Build Order

BIGBOY Terran 

Build Orders:  

Get SALT Encoding   

  12  0:00  SCV  
  13  0:13  SCV  
  14  0:17  Supply Depot  
  14  0:25  SCV  
  15  0:39  SCV  
  15  0:42  Barracks  
  16  1:12  Barracks x2  
  16  1:16  Barracks  
  16  1:29  Marine  
  16  1:32  Orbital Command  
  17  1:43  Supply Depot  
  17  1:48  Marine  
  18  1:59  Marine x2  
  20  2:04  Marine  
  20  2:06  SCV  
  22  2:09  Marine  
  23  2:17  Marine  
  23  2:18  Marine  
  23  2:22  Marine  
  26  2:27  Supply Depot, Marine  
  26  2:34  Marine  
  26  2:36  SCV, Marine  
  29  2:40  Marine  
  30  2:44  Marine  
  30  2:51  Supply Depot  
  31  2:52  Marine  
  31  2:54  Marine  
  31  2:57  Marine  
  34  2:59  SCV  
  34  3:04  Marine  
  36  3:10  Marine  
  36  3:12  Marine  
  38  3:15  Marine  
  39  3:22  Marine  
  39  3:26  Supply Depot  
  39  3:28  Marine  
  39  3:29  Marine  
  39  3:33  Marine  
  40  3:39  Marine  
  41  3:46  Marine  
  41  3:47  Marine  
  35  3:51  Marine  
  34  3:57  Marine  
  33  4:03  Marine  
  33  4:05  Marine  
  33  4:09  Marine  
  35  4:15  Marine  
  34  4:21  Marine  
  34  4:23  Marine  
  34  4:27  Marine  
  35  4:33  Marine  
  36  4:39  Marine  
  36  4:41  Marine  
  29  4:49  Marine  
Tags
 
Add a new tag
Caveats
  • Supply blocks, unpowered buildings, or Contaminate may cause inaccurate times.
  • Supply counts are checked every 10 seconds.